 Dungeon Crawl Stone Soup version 0.22.1-5-g62c59d9 (webtiles) character file.

118 Tr0llz0r the Chopper (level 4, -2/34 HPs)
             Began as a Demonspawn Gladiator on Jan 9, 2019.
             Slain by an adder (3 damage)
             ... on level 2 of the Dungeon.
             The game lasted 00:04:26 (1309 turns).

Tr0llz0r the Chopper (Demonspawn Gladiator)         Turns: 1309, Time: 00:04:26

Health: -2/34      AC: 14    Str: 16    XL:     4   Next: 72%
Magic:  4/4        EV:  5    Int:  9    God:
Gold:   127        SH:  0    Dex: 14    Spells: 3/3 levels left

rFire    + . .     SeeInvis .   a - +0 war axe
rCold    + . .     Gourm    .   (no shield)
rNeg     . . .     Faith    .   j - +0 plate armour
rPois    .         Spirit   .   c - +0 helmet
rElec    .         Reflect  .   (no cloak)
rCorr    .         Harm     .   (no gloves)
MR       .....                  l - +2 pair of boots
Stlth    ..........             (no amulet)
HPRegen  0.11/turn              e - ring of protection from fire
MPRegen  0.09/turn              (no ring)

@: lethally poisoned (-2 -> -11)
A: talons 1, cold resistance 1
a: no special abilities


You were on level 2 of the Dungeon.
You were not hungry.

You visited 1 branch of the dungeon, and saw 2 of its levels.

You collected 127 gold pieces.

Inventory:

Hand Weapons
 a - a +0 war axe (weapon)
Missiles
 b - 49 stones
 d - 3 throwing nets (quivered)
 h - 28 arrows
 i - 7 poisoned needles
Armour
 c - a +0 helmet (worn)
 j - a +0 plate armour (worn)
 l - a +2 pair of boots (worn)
Jewellery
 e - a ring of protection from fire (left hand)
Wands
 g - a wand of flame (32)
Comestibles
 f - 3 rations


   Skills:
 + Level 2.8 Fighting
 + Level 4.0 Axes
 + Level 1.9 Throwing
 + Level 1.2 Armour
 + Level 3.0 Dodging


You had 3 spell levels left.
You didn't know any spells.
Your spell library was empty.

Dungeon Overview and Level Annotations

Branches:
Dungeon (2/15)

Altars:


Innate Abilities, Weirdness & Mutations

You have sharp toenails.
Your flesh is cold resistant. (rC+)


Message History

The adder poisons you! The adder bites you but does no damage.
Your plate armour prevents you from hitting the adder.
The adder is moderately wounded.
* * * LOW HITPOINT WARNING * * *
You feel sick. The adder closely misses you. The adder barely misses you.
You closely miss the adder.
The adder is moderately wounded.
* * * LOW HITPOINT WARNING * * *
You feel sick. The adder bites you.
* * * LOW HITPOINT WARNING * * *
The adder bites you but does no damage.
You closely miss the adder.
The adder is moderately wounded.
* * * LOW HITPOINT WARNING * * *
You feel sick. The adder bites you but does no damage.
You barely miss the adder.
The adder is moderately wounded.
* * * LOW HITPOINT WARNING * * *
You feel sick. The adder bites you but does no damage. The adder bites you.
You die...

##### .....
....[. #.....####
$...%.S@.########
#<..............#
..######.###.##.#
#.###.##.#
#.##...#.#
#.#......#
#.##...#.#
#.###..#.#
#.##.....#


You could see an adder.

Vanquished Creatures
  Jessica (D:2)
  An adder (D:2)
  4 gnolls (D:2)
  2 worms (D:2)
  2 dart slugs
  A leopard gecko (D:2)
  4 bats (D:1)
  3 goblins
  4 hobgoblins
  2 quokkas (D:2)
  4 frilled lizards
  3 kobolds
  8 rats
39 creatures vanquished.

Notes
Turn   | Place    | Note
-------+----------+-------------------------------------------
     0 | D:1      | Tr0llz0r the Demonspawn Gladiator began the quest for the
                  | Orb.
     0 | D:1      | Reached XP level 1. HP: 16/16 MP: 1/1
   130 | D:1      | Reached skill level 3 in Axes
   135 | D:1      | Gained mutation: Your flesh is cold resistant. (rC+)
                  | [demonic ancestry]
   135 | D:1      | Reached XP level 2. HP: 22/22 MP: 2/2
   742 | D:2      | Gained mutation: You have sharp toenails. [demonic
                  | ancestry]
   742 | D:2      | Reached XP level 3. HP: 19/28 MP: 3/3
   989 | D:2      | Reached skill level 1 in Armour
   995 | D:2      | Reached XP level 4. HP: 18/34 MP: 4/4
  1232 | D:2      | Noticed Jessica
  1247 | D:2      | Killed Jessica
  1247 | D:2      | Reached skill level 4 in Axes
  1308 | D:2      | HP: 1/34 [poisoned by an adder]
  1309 | D:2      | Slain by an adder

Skill      XL: |  1  2  3  4 |
---------------+-------------+-----
Axes           | 3 4 |  4.0
Dodging        | 3 |  3.0
Armour         | 1 |  1.2
Fighting       | |  2.8
Throwing       | |  1.9

Action                   |  1- 3 |  4- 6 || total
-------------------------+-------+-------++-------
Melee: War axe           |   100 |    39 ||   139
  Use: Potion            |     2 |     1 ||     3
       Scroll            |     3 |       ||     3
  Eat: Ration            |       |     1 ||     1
Armor: Leather armour    |    14 |       ||    14
       Plate armour      |    83 |    40 ||   123
Dodge: Dodged            |    69 |    10 ||    79
